 Dungeon Crawl Stone Soup version 0.16.1-30-g34a7ffa (webtiles) character file.

455 Jb9000 the Skirmisher (level 7, 0/72 HPs)
             Began as an Ogre Fighter on June 26, 2015.
             Was an Initiate of Dithmenos.
             Slain by a centaur (4 damage)
             ... on level 5 of the Dungeon.
             The game lasted 00:16:37 (3997 turns).

Jb9000 the Skirmisher (Ogre Fighter)                Turns: 3997, Time: 00:16:38

Health: 0/72       AC:  5    Str: 22    XL:     7   Next: 5%
Magic:  7/7        EV:  8    Int:  7    God:    Dithmenos [......]
Gold:   154        SH: 10    Dex: 11    Spells: 2 memorised, 3 levels left

rFire  + . .     SeeInvis .     q - +2 hand axe (chop)
rCold  x . .     Clarity  .     b - +0 robe
rNeg   . . .     SustAb   .     c - +1 shield
rPois  .         Gourm    .     j - +2 hat
rElec  .         Spirit   .     (no cloak)
rCorr  .         Warding  .     (gloves unavailable)
rMut   .         Stasis   .     (boots unavailable)
MR     .....                    (no amulet)
Stlth  ++........               (no ring)
                                v - ring of fire

@: not resistant to hostile enchantments, unstealthy
A: unfitting armour, tough skin 1
a: Renounce Religion


You were on level 5 of the Dungeon.
You worshipped Dithmenos.
Dithmenos was noncommittal.
You were not hungry.

You visited 1 branch of the dungeon, and saw 5 of its levels.

You collected 154 gold pieces.

Inventory:

Hand weapons
 q - a +2 hand axe of chopping (weapon)
 s - a +0 blowgun
Missiles
 h - 9 poisoned needles
 x - 3 arrows
Armour
 b - a +0 robe (worn)
 c - a +1 shield (worn)
 f - a +0 robe
 j - a +2 hat (worn)
Jewellery
 v - a ring of fire (left hand)
Magical devices
 k - a wand of magic darts (29)
Scrolls
 a - 2 scrolls of remove curse
 i - a scroll of amnesia
 l - 2 scrolls of blinking
 t - 2 scrolls of identify
 y - a scroll of teleportation
Potions
 e - 2 potions of might
 n - a potion of curing
 o - a potion of heal wounds {unknown}
 r - a potion of lignification
 z - a potion of magic {unknown}
Books
 m - a book of Alchemy

   Spells                             Type                      Level
   a - Sublimation of Blood           Necromancy                   2
   b - Alistair's Intoxication        Transmutation/Poison         4
   c - Condensation Shield            Ice                          4
   d - Petrify                        Transmutation/Earth          4
   e - Ignite Poison                  Fire/Transmutation           5
   f - Irradiate                      Conjuration/Transmutation    5
 w - the Grimoire of Contamination and Blows and Bruises
   (You found it on level 5 of the Dungeon)

   Spells                             Type                      Level
   a - Sting                          Conjuration/Poison           1
   b - Cure Poison                    Poison                       2
   c - Mephitic Cloud                 Conjuration/Poison/Air       3
   d - Venom Bolt                     Conjuration/Poison           5
Comestibles
 d - 3 meat rations
 g - a bread ration
 p - a beef jerky
 u - 2 chunks of flesh


   Skills:
 + Level 5.0 Fighting
 * Level 2.0(2.3) Axes
   Level 2.8(3.7) Maces & Flails
 + Level 1.9 Throwing
 + Level 3.3 Armour
 + Level 1.4 Dodging
 * Level 2.8 Stealth
 + Level 3.6 Shields
 + Level 0.0 Spellcasting
 + Level 0.0 Poison Magic


You had 3 spell levels left.
You knew the following spells:

 Your Spells              Type           Power        Failure   Level  Hunger
a - Sting                 Conj/Pois      #...         97%         1    ##.....
b - Cure Poison           Pois           #.........   99%         2    ###....


Dungeon Overview and Level Annotations

Branches:
Dungeon (5/15)             Temple (0/1) D:4

Altars:
Dithmenos
Xom

Shops:
D:4 :


Innate Abilities, Weirdness & Mutations

You are too large for most types of armour.
You have tough skin (AC +1).


Message History

A giant newt comes into view.
The centaur unwields an uncursed shortbow.
You block the centaur's attack.
You hit the centaur.
The centaur is heavily wounded.
The centaur hits you.
* * * LOW HITPOINT WARNING * * *
The centaur hits you!
* * * LOW HITPOINT WARNING * * *
You hit the centaur.
The centaur is heavily wounded.
You block the centaur's attack. The centaur hits you!
* * * LOW HITPOINT WARNING * * *
You hit the centaur but do no damage.
The centaur is heavily wounded.
You hit the giant newt.
You kill the giant newt!
Dithmenos accepts your kill. The centaur barely misses you.
The centaur hits you.
You die...

+....+.......)
#....#...##'##
....#...##..#
....#...##..(
####+##+##....#... #...
#.............+ #..#
#.(...........# +..#
#.............# #...
+.....@c..# #...
#.....##'## #..#
#.....#(.# #..# +.....#.c+
.. #.....(..# ..
+##....(##+###+##+####+##
..........................
.......................>.
.........................


You could see a centaur.

Vanquished Creatures
  An ogre (D:5)
  3 crimson imps
  2 hounds (D:4)
  A centaur skeleton (D:3)
  3 worker ants (D:4)
  Ijyb (D:2)
  2 adders
  A shadow imp (D:4)
  A white imp (D:4)
  A worm (D:3)
  2 giant geckos (D:1)
  An orc (D:4)
  2 ball pythons
  5 bats
  7 giant cockroaches
  7 hobgoblins
  3 jackals (D:2)
  2 quokkas
  2 giant newts
  8 goblins
  8 kobolds
  10 rats
73 creatures vanquished.

Notes
Turn   | Place    | Note
--------------------------------------------------------------
     0 | D:1      | Jb9000, the Ogre Fighter, began the quest for the Orb.
     0 | D:1      | Reached XP level 1. HP: 24/24 MP: 1/1
   231 | D:1      | Reached XP level 2. HP: 32/32 MP: 2/2
   597 | D:1      | Reached skill level 1 in Stealth
   597 | D:1      | Reached XP level 3. HP: 26/40 MP: 3/3
  1477 | D:2      | Noticed Ijyb
  1498 | D:2      | Killed Ijyb
  1498 | D:2      | Reached XP level 4. HP: 37/49 MP: 4/4
  1816 | D:3      | Reached skill level 1 in Axes
  2233 | D:3      | Reached XP level 5. HP: 48/55 MP: 5/5
  2745 | D:4      | Reached skill level 1 in Dodging
  2816 | D:4      | Found a shadowy altar of Dithmenos.
  2825 | D:4      | Became a worshipper of Dithmenos the Shadowed
  2856 | D:4      | Reached XP level 6. HP: 63/63 MP: 6/6
  2916 | D:4      | Found Esonlyna's Book Shop.
  2953 | D:4      | Found a shimmering altar of Xom.
  2953 | D:4      | Found a shimmering altar of Xom.
  2954 | D:4      | Found a shimmering altar of Xom.
  2954 | D:4      | Found a shimmering altar of Xom.
  2954 | D:4      | Found a shimmering altar of Xom.
  2954 | D:4      | Found a shimmering altar of Xom.
  2975 | D:4      | Found a staircase to the Ecumenical Temple.
  3296 | D:4      | Reached skill level 1 in Throwing
  3616 | D:5      | Entered Level 5 of the Dungeon
  3698 | D:5      | Reached skill level 5 in Fighting
  3698 | D:5      | Reached XP level 7. HP: 49/72 MP: 7/7
  3887 | D:5      | Identified the Grimoire of Contamination and Blows and Bruises
  3890 | D:5      | Learned a level 1 spell: Sting
  3893 | D:5      | Learned a level 2 spell: Cure Poison
  3997 | D:5      | Slain by a centaur

Action                   |  1- 3 |  4- 6 |  7- 9 || total
-------------------------+-------+-------+-------++-------
Melee: Flail             |    77 |       |       ||    77
       Hand axe          |    47 |   120 |     6 ||   173
 Fire: Blowgun           |       |    29 |     3 ||    32
  Use: Scroll            |     4 |     5 |     2 ||    11
       Potion            |       |     3 |       ||     3
 Stab: Sleeping          |       |     4 |     2 ||     6
  Eat: Beef jerky        |     2 |       |       ||     2
       Chunk             |     1 |     2 |       ||     3
       Royal jelly       |     1 |       |       ||     1
       Bread ration      |       |     1 |       ||     1
       Pizza             |       |     1 |       ||     1
